 Dungeon Crawl Stone Soup version 0.28.0-43-g3370ac3207 (webtiles) character file.

Game seed: 5107153079515561299

2638 bnorton916 the Frost Mage (level 9, -2/57 HPs)
             Began as a Barachi Ice Elementalist on Mar 16, 2022.
             Was an Initiate of Cheibriados.
             Slain by a wyvern (9 damage)
             ... on level 5 of the Dungeon.
             The game lasted 00:16:22 (7824 turns).

bnorton916 the Frost Mage (BaIE)                    Turns: 7824, Time: 00:16:22

Health: -2/57      AC:  9    Str: 10    XL:     9   Next: 61%
Magic:  11/17      EV: 14    Int: 21    God:    Cheibriados [......]
Gold:   227        SH:  0    Dex: 16    Spells: 8/19 levels left

rFire   + . .      SeeInvis .   c - +8 Vampire's Tooth {vamp}
rCold   . . .      Faith    .   (no shield)
rNeg    + . .      Spirit   .   n - +0 leather armour
rPois   .          Reflect  .   (no helmet)
rElec   .          Harm     .   (no cloak)
rCorr   .          Rampage  .   (no gloves)
Will    .....                   (no boots)
Stlth   ++........              (no amulet)
HPRegen 0.19/turn               f - ring of positive energy
MPRegen 0.15/turn               t - ring of protection from fire

@: ice-armoured, freezing walls, very slow
A: amphibious, slowness 1, strong legs 1, +LOS, agile 1
a: Hop, Renounce Religion


You were on level 5 of the Dungeon.
You worshipped Cheibriados.
Cheibriados was noncommittal.
You visited 1 branch of the dungeon, and saw 6 of its levels.

You collected 227 gold pieces.

Inventory:

Hand Weapons
 c - the +8 Vampire's Tooth (weapon) {vamp}
   (You acquired it on level 3 of the Dungeon)

   It occasionally heals its wielder for the full amount of damage dealt when it
   wounds a living foe.
 j - a +1 dagger of venom
 o - a +2 long sword of electrocution
Missiles
 i - 9 poisoned darts (quivered)
 l - 9 silver javelins
 m - a throwing net
Armour
 e - a +2 scale mail of fire resistance
 k - a +0 buckler
 n - a +0 leather armour (worn)
Jewellery
 f - a ring of positive energy (left hand)
 t - a ring of protection from fire (right hand)
Wands
 g - a wand of charming (9)
 p - a wand of flame (16)
Scrolls
 d - 2 scrolls of immolation
 h - a scroll of enchant weapon
 q - a scroll of teleportation {unknown}
 u - a scroll of identify {unknown}
 v - a scroll of enchant armour {unknown}
Potions
 b - a potion of brilliance {unknown}
 r - a potion of curing
 s - 2 potions of resistance


   Skills:
 - Level 5.0 Long Blades
 - Level 4.0 Armour
 + Level 5.5 Dodging
 - Level 1.7 Stealth
 - Level 5.8 Spellcasting
 - Level 7.6 Conjurations
 - Level 8.2 Ice Magic


You had 8 spell levels left.
You knew the following spells:

 Your Spells              Type           Power      Damage    Failure   Level
a - Freeze                Ice            100%       1d11      1%          1
b - Frozen Ramparts       Ice            80%        1d10      1%          3
c - Ozocubu's Armour      Ice            40%        N/A       1%          3
d - Hailstorm             Conj/Ice       39%        3d9       4%          4

Your spell library contained the following spells:

 Spells                   Type           Power      Damage    Failure   Level
 Conjure Flame            Conj/Fire      22%        6-21      9%          3
 Sticky Flame             Conj/Fire      22%        2d4       26%         4
 Ignite Poison            Fire/Tmut/Pois 6%         N/A       36%         3
 Malign Gateway           Summ/Tloc      3%         N/A       100%        7
 Summon Horrible Things   Summ           3%         N/A       100%        8


Dungeon Overview and Level Annotations

Branches:
Dungeon (6/15)
 Temple: D:4-7

Altars:
Cheibriados
Okawaru
Vehumet
Wu Jian

Shops:
D:4 *


Innate Abilities, Weirdness & Mutations

You are amphibious.
You cover ground slowly.
You can hop short distances.
You have an extended range of vision and can be seen from far away.
You are agile. (Dex +2)


Message History

You start resting.
Magic restored.
You start waiting.
A wyvern comes into view.
A centaur comes into view.
The centaur moves out of view.
The wyvern hisses angrily.
The centaur shouts!
The centaur wields a +0 shortbow.
The centaur shoots an arrow.
The arrow completely misses you. The wyvern barely misses you.
The wyvern closely misses you.
Things that are here:
a +0 flail; a +0 ring mail; an orc corpse The wyvern bites you!
The centaur shoots an arrow.
The arrow hits you! The wyvern bites you!
There is a stone staircase leading up here.
The wyvern closely misses you.
You climb upwards.
There is a stone staircase leading down here.
Casting: Ozocubu's Armour (safe; 1% risk of failure)
Confirm with . or Enter, or press ? or * to list all spells.
Casting: Frozen Ramparts (safe; 1% risk of failure)
Press: ? - help, Dir - look around, f - activate A stone staircase leading down.
The walls around you are covered in ice.
The wall freezes the wyvern.
The wyvern bites you!
* * * LOW HITPOINT WARNING * * *
The wall freezes the wyvern.
The wyvern barely misses you.
Casting: Frozen Ramparts (safe; 1% risk of failure)
Confirm with . or Enter, or press ? or * to list all spells.
A film of ice covers your body!
The wall freezes the wyvern.
The wyvern closely misses you.
The wall freezes the wyvern.
The wyvern bites you.
* * * LOW HITPOINT WARNING * * *
The wall freezes the wyvern.
The wyvern bites you.
* * * LOW HITPOINT WARNING * * *
Unknown command.
You hit the wyvern.
You feel better.
The wyvern is severely wounded.
The wall freezes the wyvern.
The wyvern bites you!
You die...

####.#.## ##.......## ##.#.####
####....####.........####........
...........'........('.......###.
####....####.........####....# #.
#.#.## ##.......## #..#.# #.
####.### ##.....## #.##.# #.
.....# ##...## #.##.###. ####.#
##l## #........ # ##.# #@#
####.#### # #..# #.# #.# # #..#
##.## #.# # #..# ##...## #.#
###..# ####.....## #.# .....#
#.........# #.#
###.#######.##...##.########.#
#......†.....#.............#
#########.##...##.##########


You could see a wyvern.

Vanquished Creatures
  11 yaks
  Menkaure (D:5)
  A water moccasin (D:5)
  A black bear (D:4)
  2 phantoms
  2 scorpions
  A water moccasin skeleton (D:5)
  2 orc priests
  A centaur skeleton (D:5)
  2 jellies
  2 orc wizards
  A hound skeleton (D:4)
  A howler monkey skeleton (D:5)
  6 adders
  4 gnolls (D:4)
  2 river rats (D:4)
  A white imp (D:5)
  An adder skeleton (D:5)
  4 worms
  5 dart slugs
  16 orcs
  5 ball pythons
  4 endoplasms
  A giant cockroach (D:1)
  11 goblins
  3 hobgoblins
  4 jackals (D:2)
  4 kobolds
  A quokka (D:4)
  6 bats
  3 frilled lizards
  10 rats
119 creatures vanquished.

Notes
Turn   | Place    | Note
-------+----------+-------------------------------------------
     0 | D:1      | bnorton916 the Barachi Ice Elementalist began the quest for
                  | the Orb.
     0 | D:1      | Reached XP level 1. HP: 13/13 MP: 3/3
   242 | D:1      | Reached skill level 5 in Ice Magic
   272 | D:1      | Reached XP level 2. HP: 19/19 MP: 0/5
   965 | D:2      | Noticed a scorpion
  1193 | D:2      | Reached XP level 3. HP: 16/24 MP: 0/7
  1392 | D:2      | Learned a level 3 spell: Frozen Ramparts
  1396 | D:2      | Learned a level 3 spell: Ozocubu's Armour
  2231 | D:2      | Killed a scorpion
  2232 | D:2      | Reached skill level 6 in Ice Magic
  2232 | D:2      | Reached XP level 4. HP: 30/30 MP: 1/9
  2461 | D:3      | Reached XP level 5. HP: 35/35 MP: 6/10
  2702 | D:3      | Found an iron altar of Okawaru.
  3376 | D:4      | Noticed a yak
  3377 | D:4      | Noticed a yak
  3382 | D:4      | Noticed a yak
  3383 | D:4      | Noticed a yak
  3384 | D:4      | Noticed a yak
  3394 | D:3      | Killed a yak
  3395 | D:3      | Reached XP level 6. HP: 24/41 MP: 4/12
  3623 | D:4      | Noticed a yak
  3634 | D:3      | Killed a yak
  3635 | D:3      | Reached skill level 7 in Ice Magic
  3989 | D:4      | Reached skill level 5 in Spellcasting
  3989 | D:4      | Reached XP level 7. HP: 22/46 MP: 7/14
  3995 | D:3      | HP: 2/46 [yak (7)]
  4000 | D:3      | Killed a yak
  4001 | D:3      | Identified a scroll of acquirement
  4001 | D:3      | Acquired the +8 Vampire's Tooth {vamp}
  4001 | D:3      | Found the +8 Vampire's Tooth {vamp}
  4003 | D:3      | HP: 1/46 [yak (11)]
  4005 | D:3      | Killed a yak
  4483 | D:4      | Reached skill level 8 in Ice Magic
  4627 | D:4      | Reached XP level 8. HP: 52/52 MP: 12/16
  4645 | D:4      | Learned a level 4 spell: Hailstorm
  4994 | D:4      | Reached skill level 5 in Long Blades
  4994 | D:4      | Reached skill level 1 in Conjurations
  5039 | D:4      | Found an ornate altar of the Wu Jian Council.
  5039 | D:4      | Found a radiant altar of Vehumet.
  5074 | D:4      | Found Uxtion's Gadget Gallery.
  5102 | D:4      | Killed a yak
  5110 | D:4      | Killed a yak
  5111 | D:4      | Reached skill level 5 in Conjurations
  5510 | D:5      | Entered Level 5 of the Dungeon
  5629 | D:5      | Noticed Menkaure
  5638 | D:5      | Killed Menkaure
  5750 | D:5      | Gained mutation: You are agile. (Dex +2) [potion of
                  | mutation]
  5771 | D:5      | Reached XP level 9. HP: 3/57 MP: 17/17
  6401 | D:5      | Found a snail-covered altar of Cheibriados.
  6623 | D:5      | Became a worshipper of Cheibriados the Contemplative
  7425 | D:5      | Reached skill level 5 in Dodging
  7824 | D:5      | Slain by a wyvern

Illustrated notes

Levels and vault maps discovered:
D:1:      lemuel_arrival_muddy, layout_loops_ring, fountainhead
D:2:      layout_rooms
D:3:      layout_loops_cross, kennysheep_okawaru_gauntlet,
          nicolae_overflow_hidden_temple, minmay_misc_feat_room, corexii_shack,
          minivault_19
D:4:      layout_loops_ring, gammafunk_temple_overflow_elements,
          portal_sewer_entry_b, minmay_splitting_lines, nicolae_shop_gadgets
D:5:      layout_loops_corners, lemuel_coloured_pillars_altar, uniq_menkaure
D:6:      layout_rooms, cheibrodos_ashenzari_chains, uniq_prince_ribbit1

Skill      XL: |  1  2  3  4  5  6  7  8  9 |
---------------+----------------------------+-----
Ice Magic      | 5 6 7 8 |  8.2
Spellcasting   | 3 4 5 |  5.8
Long Blades    | 2 3 4 5 |  5.0
Conjurations   | 7 |  7.6
Armour         | 4 |  4.0
Dodging        | 5 |  5.5
Stealth        | |  1.7

Action                   |  1- 3 |  4- 6 |  7- 9 || total
-------------------------+-------+-------+-------++-------
Melee: Unarmed           |     4 |       |       ||     4
       Dagger            |    25 |    18 |       ||    43
       Long sword        |       |    21 |    64 ||    85
       Punch             |       |     1 |     3 ||     4
       Quick blade       |       |       |    74 ||    74
Throw: Dart              |     6 |     3 |    13 ||    22
 Cast: Freeze            |    28 |     8 |     5 ||    41
       Frozen Ramparts   |     3 |     7 |    25 ||    35
       Ozocubu's Armour  |     1 |     3 |    12 ||    16
       Hailstorm         |       |       |     1 ||     1
 Abil: Hop               |       |       |     1 ||     1
Evoke: Wand              |       |       |     1 ||     1
  Use: Scroll            |       |     5 |     2 ||     7
       Potion            |       |       |     6 ||     6
 Stab: Sleeping          |     1 |     2 |     1 ||     4
       Distracted        |     1 |       |       ||     1
Armor: Robe              |    10 |    13 |    29 ||    52
       Leather armour    |       |       |     3 ||     3
Dodge: Dodged            |    35 |    36 |    88 ||   159
